AoeStats
← Iamak3186

Arabia

505115107Analyzed
1v1 RM · 26d ago on Sep 7, 2026· 46m 10s· 2 players
Game mode
Random Map
Map size
Tiny (2 player)
Population
200
Speed
Normal
Resources
Standard
Victory
Conquest
Starting age
Dark Age
Ending age
Imperial Age
RankedLock teamsTeams togetherTeam positionsShared explorationLock speedFull tech treeHidden civsTurbo modeCheats
Victory
Defeat
🇮🇳 Mongols · India
1203
+16
🇹🇷 Spanish · Türkiye
1197
-16
Uvodd
5:06 Loom
10:26 Feudal Age
13:22 Fletching
16:32 Castle Age
15:55 Double-Bit Axe
16:50 Scale Barding Armor
18:02 Horse Collar
22:22 Elite Skirmisher
34:39 Padded Archer Armor
36:25 Chain Barding Armor
36:19 Bloodlines
36:11 Husbandry
37:40 Sanctity
37:31 Fervor
37:37 Redemption
37:56 Ballistics
37:55 Leather Archer Armor
39:13 Bodkin Arrow
41:19 Inquisition
41:43 Caravan
42:45 Masonry
45:08 Forging
Iamak3186
7:46 Feudal Age
6:51 Loom
8:20 Double-Bit Axe
11:38 Fletching
13:55 Horse Collar
17:51 Wheelbarrow
20:33 Castle Age
20:45 Gold Mining
21:34 Bodkin Arrow
21:02 Crossbowman
21:54 Bow Saw
22:59 Scale Barding Armor
26:19 Bloodlines
29:31 Town Watch
31:56 Heavy Plow
33:45 Hand Cart
36:08 Ballistics
38:20 Imperial Age
36:05 Thumb Ring
37:19 Chain Barding Armor
37:00 Padded Archer Armor
37:17 Light Cavalry
38:09 Forging
39:45 Arbalester
42:22 Devotion
41:54 Hussar
42:36 Husbandry
45:13 Chemistry
44:23 Masonry
44:47 Bracer
45:23 Iron Casting
Connection lost

Rejoining the realm…

Still unreachable

The connection could not be restored.

Session expired

The server has moved on; the page needs a fresh start.